 Dungeon Crawl Stone Soup version 0.28.0-43-g3370ac3207 (webtiles) character file.

Game seed: 4221707522803463110

149491 pkoi the Devastator (level 16, 0/86 HPs)
             Began as a Deep Elf Conjurer on Mar 7, 2022.
             Was an Elder of Sif Muna.
             Shot with a bolt by Vashnia (23 damage)
             ... on level 3 of the Snake Pit.
             The game lasted 01:38:03 (49422 turns).

pkoi the Devastator (Deep Elf Conjurer)            Turns: 49422, Time: 01:38:04

Health: 0/86       AC: 12    Str: 10    XL:     16   Next: 96%
Magic:  29/37      EV: 17    Int: 49    God:    Sif Muna [****..]
Gold:   594        SH:  0    Dex: 16    Spells: 1/45 levels left

rFire   + . .      SeeInvis +   B - staff of conjuration
rCold   + + .      Faith    .   (no shield)
rNeg    . . .      Spirit   .   O - +2 robe {rC+ rF+}
rPois   .          Reflect  .   G - +2 helmet {Int+3}
rElec   .          Harm     .   z - +0 cloak
rCorr   .          Rampage  .   Y - +2 pair of gloves of Time Monsters {Dex+3}
Will    ++++.                   c - +0 pair of boots
Stlth   +++.......              H - amulet "Pyudeow" {rC+ Regen+ Int+4}
HPRegen 1.04/turn               n - +6 ring of intelligence
MPRegen 0.25/turn               u - ring of Nolihou {Will+++ Str+6 Int+4 SInv}

@: no status effects
A: no potion heal 1
a: Renounce Religion, Channel Magic, Forget Spell, Divine Exegesis


You were on level 3 of the Snake Pit.
You worshipped Sif Muna.
Sif Muna was greatly pleased with you.
You visited 6 branches of the dungeon, and saw 27 of its levels.
You also visited: Bailey, Gauntlet and Ice Cave.

You collected 1697 gold pieces.
You spent 1103 gold pieces at shops.

Inventory:

Hand Weapons
 Q - the +8 trident of the Octopus King {venom, rElec rPois}
   (You found it on level 6 of the Lair of Beasts)

   It poisons the flesh of those it strikes.
   rElec:     It insulates you from electricity.
   rPois:     It protects you from poison.
Missiles
 C - 4 throwing nets
Armour
 c - a +0 pair of boots (worn)
 z - a +0 cloak (worn)
 G - a +2 helmet of intelligence (worn)
 L - a +2 pair of gloves
 O - a +2 robe of resistance (worn)
 Y - the +2 pair of gloves of Time Monsters (worn) {Dex+3}
   (You found it on level 1 of the Snake Pit)

   Dex:       It affects your dexterity (+3).
Magical Staves
 B - a staff of conjuration (weapon)
Jewellery
 j - a ring of protection from cold
 n - a +6 ring of intelligence (left hand)
 u - the ring of Nolihou (right hand) {Will+++ Str+6 Int+4 SInv}
   (You found it in a Gauntlet)

   [ring of strength]

   Str:       It affects your strength (+6).
   Int:       It affects your intelligence (+4).
   SInv:      It lets you see invisible.
   Will:      It greatly increases your willpower.
 H - the amulet "Pyudeow" (around neck) {rC+ Regen+ Int+4}
   (You found it in a Gauntlet)

   [amulet of regeneration]

   Int:       It affects your intelligence (+4).
   rC:        It protects you from cold.
   Regen:     It increases your rate of health regeneration.
 J - a ring of protection from fire
 P - a ring of see invisible
 U - a ring of willpower
 W - a ring of fire
 X - a ring of wizardry
 Z - a ring of willpower
Wands
 a - a wand of acid (12)
 e - a wand of paralysis (18)
 i - a wand of flame (17)
 o - a wand of iceblast (19)
 A - a wand of charming (14)
 F - a wand of mindburst (27)
 I - a wand of polymorph (16)
 R - a wand of digging (6)
Scrolls
 f - 16 scrolls of teleportation
 g - 3 scrolls of fog
 q - 2 scrolls of holy word
 y - 3 scrolls of enchant weapon
 E - 3 scrolls of amnesia
 K - 2 scrolls of blinking
 M - 3 scrolls of enchant armour
 N - a scroll of silence
 S - a scroll of magic mapping
 V - a scroll of fear
Potions
 b - 2 potions of resistance
 h - 6 potions of ambrosia
 k - 10 potions of might
 l - 16 potions of curing
 m - a potion of invisibility
 p - 2 potions of brilliance
 r - 5 potions of heal wounds
 s - 7 potions of haste
 t - 4 potions of flight
 v - 2 potions of magic
 x - a potion of berserk rage
 D - 2 potions of cancellation
Miscellaneous
 w - a condenser vane
 T - a phantom mirror


   Skills:
 + Level 4.4 Fighting
 + Level 10.1 Dodging
 - Level 6.0 Stealth
 + Level 15.4 Spellcasting
 - Level 16.7 Conjurations
 - Level 13.5 Hexes
 * Level 2.7 Necromancy
 - Level 9.0 Translocations
 - Level 5.3 Fire Magic
 - Level 15.0 Ice Magic
 - Level 5.4 Air Magic
 * Level 2.5 Earth Magic
 + Level 10.8 Invocations
 - Level 3.0 Evocations


You had one spell level left.
You knew the following spells:

 Your Spells              Type           Power      Damage    Failure   Level
a - Magic Dart            Conj           100%       1d8       0%          1
b - Borgnjor's Vile Clut  Necr/Erth      29%        N/A       4%          5
c - Iskenderun's Mystic   Conj/Tloc      100%       2d19      1%          4
d - Fulminant Prism       Conj/Hex       67%        3d28      0%          4
e - Apportation           Tloc           100%       N/A       0%          1
f - Swiftness             Air            74%        N/A       1%          3
g - Iskenderun's Battles  Conj           100%       2d15      0%          5
h - Freezing Cloud        Conj/Ice/Air   63%        6-21      1%          5
i - Inner Flame           Hex/Fire       92%        N/A       1%          3
j - Ozocubu's Refrigerat  Ice            55%        4d16      1%          7
k - Passage of Golubria   Tloc           90%        N/A       1%          4
l - Blink                 Tloc           100%       N/A       1%          2

Your spell library contained the following spells:

 Spells                   Type           Power      Damage    Failure   Level
 Shock                    Conj/Air       100%       1d9       0%          1
 Pain                     Necr           100%       1d9       1%          1
 Ensorcelled Hibernation  Hex/Ice        100%       N/A       0%          2
 Searing Ray              Conj           100%       2d8       0%          2
 Dazzling Flash           Conj/Hex       100%       N/A       0%          3
 Frozen Ramparts          Ice            100%       1d12      0%          3
 Ozocubu's Armour         Ice            100%       N/A       0%          3
 Portal Projectile        Hex/Tloc       100%       N/A       0%          3
 Hailstorm                Conj/Ice       100%       3d20      0%          4
 Corpse Rot               Necr/Air       100%       N/A       1%          2
 Poisonous Vapours        Pois/Air       100%       N/A       1%          2
 Scorch                   Fire           100%       2d10      1%          2
 Sublimation of Blood     Necr           60%        N/A       1%          2
 Wereblood                Tmut           37%        N/A       1%          2
 Ignite Poison            Fire/Tmut/Pois 53%        N/A       1%          3
 Mephitic Cloud           Conj/Pois/Air  100%       N/A       1%          3
 Spider Form              Tmut/Pois      37%        N/A       1%          3
 Stone Arrow              Conj/Erth      100%       3d13      1%          3
 Summon Guardian Golem    Hex/Summ       81%        N/A       1%          3
 Teleport Other           Tloc           90%        N/A       1%          3
 Anguish                  Hex/Necr       43%        N/A       1%          4
 Animate Dead             Necr           30%        N/A       1%          4
 Cause Fear               Hex            53%        N/A       1%          4
 Flame Wave               Conj/Fire      100%       2d17      1%          4
 Leda's Liquefaction      Hex/Erth       43%        N/A       1%          4
 Sticky Flame             Conj/Fire      100%       2d11      1%          4
 Irradiate                Conj/Tmut      55%        3d31      1%          5
 Lightning Bolt           Conj/Air       60%        1d83      1%          5
 Manifold Assault         Tloc           90%        N/A       1%          5
 Metabolic Englaciation   Hex/Ice        54%        N/A       1%          5
 Silence                  Hex/Air        46%        N/A       1%          5
 Conjure Ball Lightning   Conj/Air       60%        3x3d22    1%          6
 Iron Shot                Conj/Erth      57%        9d11      1%          6
 Summon Forest            Summ/Tloc      34%        N/A       2%          5
 Simulacrum               Ice/Necr       45%        N/A       2%          6
 Animate Armour           Summ/Erth      100%       N/A       3%          4
 Petrify                  Tmut/Erth      50%        N/A       3%          4
 Agony                    Necr           60%        N/A       4%          5
 Excruciating Wounds      Necr           30%        N/A       4%          5
 Olgreb's Toxic Radiance  Pois           37%        N/A       5%          4
 Lee's Rapid Deconstruct  Erth           29%        3d16*     5%          5
 Discord                  Hex            53%        N/A       14%         8
 Alistair's Intoxication  Tmut/Pois      24%        N/A       16%         5
 Blade Hands              Tmut           18%        N/A       16%         5
 Spellforged Servitor     Conj/Summ      55%        N/A       16%         7
 Death Channel            Necr           30%        N/A       26%         6
 Statue Form              Tmut/Erth      33%        N/A       45%         6
 Lehudib's Crystal Spear  Conj/Erth      57%        10d13     56%         8
 Summon Cactus Giant      Summ           18%        N/A       63%         6
 Disjunction              Tloc           45%        N/A       65%         8
 Polar Vortex             Ice            55%        N/A       75%         9
 Maxwell's Capacitive Co  Air            37%        ∞         98%         8
 Summon Hydra             Summ           18%        N/A       99%         7
 Ignition                 Fire           37%        3d11      99%         8
 Borgnjor's Revivificati  Necr           30%        N/A       100%        8
 Necromutation            Tmut/Necr      25%        N/A       100%        8
 Death's Door             Necr           30%        N/A       100%        9


Dungeon Overview and Level Annotations

Branches:
Dungeon (13/15)            Temple (1/1) D:6            Lair (6/6) D:10
 Shoals (3/4) Lair:4        Snake (3/4) Lair:2        Slime (0/5) Lair:5
    Orc (1/2) D:9          Vaults (0/5) D:13         Bailey (visited)
  IceCv (visited)         Gauntlet (visited)

Altars:
Ashenzari
Cheibriados
Dithmenos
Elyvilon
Fedhas
Gozag
Hepliaklqana
Kikubaaqudgha
Makhleb
Nemelex Xobeh
Okawaru
Qazlal
Ru
Sif Muna
Trog
Uskayaw
Vehumet
Wu Jian
Xom
Yredelemnul
Zin
The Shining One
Beogh

Shops:
D:7 =**(!   D:11 !   D:13 *   Shoals:3 !*

Annotations:
D:3 3 runed translucent doors, kd29's ghost, amateur DrTm
Snake:3 Vashnia


Innate Abilities, Weirdness & Mutations

Potions are less effective at restoring your health.


Message History

Casting: Fulminant Prism (safe; 0% risk of failure)
Confirm with . or Enter, or press ? or * to list all spells.
Aiming: Fulminant Prism (safe; 0% risk of failure)
Press: ? - help, Dir - move target You feel a surge of power!
You conjure a prism of explosive energy!
A fulminant prism comes into view.
You hear a loud crackle.
You now have 594 gold pieces (gained 23).
You see here a +0 halberd.
You hear an explosion!
Casting: Fulminant Prism (safe; 0% risk of failure)
Confirm with . or Enter, or press ? or * to list all spells.
Aiming: Fulminant Prism (safe; 0% risk of failure)
Press: ? - help, Dir - move target You feel a surge of power!
You conjure a prism of explosive energy!
A fulminant prism comes into view.
Your fulminant prism crackles loudly.
Your fulminant prism explodes!
Sif Muna accepts your kill.
You feel a bit more experienced.
There is a stone staircase leading up, spattered with blood here.
A naga sharpshooter comes into view. It is wielding a +0 short sword.
The naga sharpshooter unwields a +0 short sword.
The naga sharpshooter wields a +0 longbow.
The naga sharpshooter gestures wildly while chanting.
The naga sharpshooter magically shoots an arrow.
The arrow hits you!
Vashnia unwields a +1 halberd of venom.
It stops dripping with poison.
Vashnia wields a +0 arbalest.
Vashnia mumbles some strange words.
Vashnia magically shoots a bolt.
The bolt hits you!!
* * * LOW HITPOINT WARNING * * *
Vashnia mumbles some strange words.
Vashnia magically shoots a bolt.
The bolt hits you!!
* * * LOW HITPOINT WARNING * * *
Vashnia shoots a bolt.
The bolt closely misses you.
Your system partially rejects the healing.
You feel much better.
Vashnia shoots a bolt.
The bolt hits you!!
You die...

#)###..# #.# #..#
#[[. #.###..#
#..?. ##[.##..#
#...#
#.[(#=..###...#
#..[....?....#
#..........[#
##.<...)....#
#..N...@...####..
##.N####.<......#
#..# ##.:...###
#*.# #..(### ####
#N.# #..## ...##
#..#
#.....##########
....## #.N#
#.....NN.......)
†.(..## #..#
#########(....).
###...## #..##
####...#


You could see Vashnia and a naga sharpshooter.

Vanquished Creatures
  Kirke (Lair:5)
  2 nagarajas
  A minotaur (Gauntlet)
  2 merfolk javelineers
  4 merfolk impalers
  5 vault guards (D:13)
  A salamander tyrant (Snake:2)
  A boulder beetle (D:11)
  2 catoblepae (Lair:6)
  2 ironbound frosthearts (IceCv)
  5 hydras
  12 naga warriors
  3 centaur warriors
  An alligator (Lair:6)
  2 merfolk avatars
  2 alligator snapping turtles (Shoals:3)
  6 anacondas
  2 two-headed ogres
  2 satyrs (Shoals:3)
  10 death yaks
  A hell hog (Gauntlet)
  5 naga sharpshooters
  4 shock serpents
  3 salamander mystics
  A sixfirhy (Gauntlet)
  9 sea snakes
  2 deep elf archers (D:13)
  A wizard (D:13)
  3 naga ritualists
  3 harpies (Shoals:1)
  7 mana vipers
  2 cyclopes
  19 fauns
  9 manticores
  11 salamanders
  An elephant (Lair:2)
  2 centaur zombies
  11 naga magi
  A guardian serpent (Snake:1)
  3 water nymphs
  7 merfolk sirens
  21 black mambas
  2 gargoyles
  An ice statue (IceCv)
  9 cane toads
  4 torpor snails
  4 rime drakes
  A kobold demonologist (D:9)
  2 unseen horrors
  9 komodo dragons
  An efreet (D:13)
  2 ice devils (Lair:3)
  A tengu conjurer (D:13)
  2 hornets (Lair:6)
  2 queen bees
  20 merfolk
  3 wind drakes
  3 trolls
  14 polar bears
  14 blink frogs
  8 snapping turtles
  4 slime creatures
  6 dream sheep (Lair:6)
  2 water elementals
  2 shadows
  106 yaks
  3 vampires
  4 wyverns
  A basilisk (Lair:2)
  2 fire bats (Gauntlet)
  Grum (D:9)
  4 hogs (Lair:5)
  3 vampire mosquitoes (D:10)
  Menkaure (D:7)
  A warg (Orc:1)
  42 nagas
  11 water moccasins
  2 hell hounds (Gauntlet)
  An acid dragon (D:11)
  3 orc warriors
  A sky beast (D:6)
  An ice beast (D:8)
  34 wolves
  7 ogres
  2 phantoms
  3 centaurs
  2 kobold brigands (D:9)
  15 bullfrogs
  2 gnoll sergeants
  A water moccasin zombie (D:4)
  2 scorpions
  31 killer bees
  9 wights
  3 vampire bats (Bailey)
  10 electric eels
  3 howler monkeys (D:12)
  6 wolf zombies (Bailey)
  2 hounds
  4 orc priests
  Crazy Yiuf (D:7)
  2 gnoll shamans (D:7)
  14 jellies
  A centaur skeleton (D:6)
  5 iguanas
  8 orc wizards
  A scorpion zombie (D:4)
  A hound zombie (D:4)
  A hound skeleton (D:5)
  2 howler monkey zombies
  7 adders
  18 gnolls
  A shadow imp (D:7)
  2 white imps
  6 ufetubi
  2 worms
  A dart slug (D:4)
  27 orcs
  4 bats
  13 endoplasms
  6 giant cockroaches
  6 goblins
  10 hobgoblins
  21 kobolds
  A quokka (D:3)
  4 ball pythons
  2 frilled lizards
  17 orc zombies (Bailey)
815 creatures vanquished.

Vanquished Creatures (collateral kills)
  A sky beast (D:5)
1 creature vanquished.

Vanquished Creatures (others)
  Asterion (Snake:2)
  A water moccasin (D:6)
  An adder (D:6)
  An orc (D:6)
  3 demonic plants (Gauntlet)
  178 fulminant prisms
  73 fungi
  248 plants
506 creatures vanquished.

Grand Total: 1322 creatures vanquished

Notes
Turn   | Place    | Note
-------+----------+-------------------------------------------
     0 | D:1      | pkoi the Deep Elf Conjurer began the quest for the Orb.
     0 | D:1      | Reached XP level 1. HP: 10/10 MP: 6/6
    90 | D:1      | Reached XP level 2. HP: 15/15 MP: 2/8
   493 | D:1      | Reached skill level 5 in Conjurations
  1041 | D:2      | Reached XP level 3. HP: 19/19 MP: 5/10
  1104 | D:2      | Found a basalt altar of Yredelemnul.
  1469 | D:2      | Found a faded altar of an unknown god.
  1622 | D:2      | Learned a level 2 spell: Searing Ray
  2202 | D:3      | Reached XP level 4. HP: 6/24 MP: 7/12
  2421 | D:3      | Learned a level 4 spell: Iskenderun's Mystic Blast
  2426 | D:3      | Learned a level 4 spell: Fulminant Prism
  2707 | D:3      | Found a runed translucent gate.
  2707 | D:3      | Identified the +4 hand axe of Athru {flame, Fly Dex+3}
  2707 | D:3      | Identified the +4 scale mail "Rupsuw" {Str+2}
  2708 | D:3      | Found a runed translucent gate.
  2708 | D:3      | Noticed kd29's ghost (amateur DrTm)
  2709 | D:3      | Found a runed translucent gate.
  2908 | D:3      | Noticed a phantom
  2918 | D:3      | Killed a phantom
  2919 | D:3      | Reached skill level 6 in Conjurations
  2919 | D:3      | Reached skill level 1 in Hexes
  2919 | D:3      | Reached skill level 1 in Translocations
  2919 | D:3      | Reached XP level 5. HP: 17/28 MP: 3/13
  3883 | D:4      | Noticed an ogre
  3885 | D:4      | Reached skill level 5 in Spellcasting
  3885 | D:4      | Reached XP level 6. HP: 28/32 MP: 8/15
  4226 | D:4      | Reached skill level 7 in Conjurations
  4487 | D:4      | Found a basalt altar of Yredelemnul.
  4757 | D:4      | Reached XP level 7. HP: 28/36 MP: 9/17
  5627 | D:5      | Entered Level 5 of the Dungeon
  5648 | D:5      | Reached skill level 8 in Conjurations
  5838 | D:5      | Reached XP level 8. HP: 41/41 MP: 15/19
  6172 | D:5      | Got Gaycen's Compendium of Unstable Flight
  6179 | D:5      | Reached skill level 5 in Hexes
  6866 | D:6      | Identified a scroll of acquirement
  6866 | D:6      | Acquired a staff of conjuration
  6914 | D:6      | Reached skill level 9 in Conjurations
  7236 | D:6      | HP: 1/41 [electric eel/bolt of electricity (10)]
  7569 | D:6      | Reached skill level 1 in Evocations
  8306 | D:6      | Found a staircase to the Ecumenical Temple.
  8492 | Temple   | Entered the Ecumenical Temple
  8547 | Temple   | Became a worshipper of Sif Muna the Loreminder
  8902 | D:7      | Found Kupitaor's Jewellery Shop.
  8923 | D:7      | Noticed Menkaure
  8931 | D:7      | Killed Menkaure
  8932 | D:7      | Reached XP level 9. HP: 8/45 MP: 2/21
  9179 | D:7      | Learned a level 1 spell: Apportation
  9202 | D:7      | Reached skill level 5 in Translocations
  9222 | D:7      | Reached * piety under Sif Muna
  9340 | D:7      | Found Takhuocla's General Store.
  9348 | D:7      | Bought a potion of degeneration for 10 gold pieces
  9524 | D:7      | Found Adalav's Antique Weapon Emporium.
  9608 | D:7      | Found a runed translucent door.
  9609 | D:7      | Noticed Crazy Yiuf
  9615 | D:7      | Killed Crazy Yiuf
  9665 | D:7      | Found Cyahatu's Distillery.
  9674 | D:7      | Bought a potion of haste for 110 gold pieces
  9674 | D:7      | Bought a potion of lignification for 33 gold pieces
  9674 | D:7      | Bought a potion of attraction for 33 gold pieces
  9674 | D:7      | Bought a potion of heal wounds for 55 gold pieces
  9870 | D:7      | Reached skill level 10 in Conjurations
 10318 | D:7      | Found a hide-covered altar of Uskayaw.
 10481 | D:7      | Found Pohuorphi's Assorted Antiques.
 10489 | D:7      | Bought a scroll labelled RAUROM LARCHIN for 22 gold pieces
 11229 | D:8      | Learned a level 3 spell: Swiftness
 11578 | D:8      | Found a glowing golden altar of the Shining One.
 11582 | D:8      | Reached skill level 5 in Dodging
 11743 | D:8      | Found a hazy altar of Hepliaklqana.
 12179 | D:9      | Reached ** piety under Sif Muna
 12259 | D:9      | Reached skill level 11 in Conjurations
 12259 | D:9      | Reached XP level 10. HP: 42/50 MP: 10/24
 12277 | D:9      | Found a flagged portal.
 12428 | Bailey   | Entered a bailey
 12778 | Bailey   | Noticed a gargoyle
 12792 | Bailey   | Killed a gargoyle
 12923 | Bailey   | Reached *** piety under Sif Muna
 13440 | D:9      | Noticed a two-headed ogre
 13447 | D:9      | Killed a two-headed ogre
 13597 | D:9      | Noticed Grum
 13615 | D:9      | Noticed a smoke demon
 13639 | D:9      | Reached skill level 12 in Conjurations
 13645 | D:9      | Killed Grum
 14230 | D:9      | Found a staircase to the Orcish Mines.
 14832 | D:9      | Found a large runed translucent door.
 14833 | D:9      | Found a large runed translucent door.
 15012 | D:10     | Entered Level 10 of the Dungeon
 15012 | D:10     | Noticed a death yak
 15015 | D:10     | Noticed a death yak
 15017 | D:10     | Noticed a death yak
 15020 | D:10     | Reached XP level 11. HP: 54/54 MP: 6/26
 15283 | D:9      | Killed a death yak
 15489 | D:9      | Found a blossoming altar of Fedhas.
 15492 | D:9      | Found an ornate altar of the Wu Jian Council.
 15520 | D:10     | Killed a death yak
 15521 | D:10     | Reached skill level 10 in Spellcasting
 15860 | D:10     | Found a staircase to the Lair.
 16003 | D:10     | Reached skill level 13 in Conjurations
 16359 | D:10     | Reached skill level 10 in Hexes
 16801 | D:11     | Noticed a boulder beetle
 16810 | D:11     | Killed a boulder beetle
 16928 | D:11     | Reached **** piety under Sif Muna
 16936 | D:11     | Found Mainao's Distillery.
 16976 | D:11     | Found a gate leading to a gauntlet.
 17022 | Gauntlet | Entered a Gauntlet
 17022 | Gauntlet | Found a transporter.
 17022 | Gauntlet | Found a transporter.
 17085 | Gauntlet | Found a transporter.
 17086 | Gauntlet | Found a transporter.
 17089 | Gauntlet | Found a transporter.
 17089 | Gauntlet | Found a transporter.
 17093 | Gauntlet | Noticed a sixfirhy
 17097 | Gauntlet | Found a transporter.
 17098 | Gauntlet | Found a transporter.
 17099 | Gauntlet | Found a transporter.
 17100 | Gauntlet | Found a transporter.
 17100 | Gauntlet | Noticed a hell hog
 17105 | Gauntlet | Noticed a death scarab
 17107 | Gauntlet | Noticed a death scarab
 17108 | Gauntlet | Found a transporter.
 17109 | Gauntlet | Found a transporter.
 17283 | Gauntlet | Identified the amulet "Pyudeow" {rC+ Regen+ Int+4}
 17337 | Gauntlet | Killed a sixfirhy
 17338 | Gauntlet | Reached skill level 14 in Conjurations
 17522 | Gauntlet | Killed a hell hog
 17523 | Gauntlet | Reached XP level 12. HP: 44/59 MP: 20/29
 17531 | Gauntlet | Identified the ring of Nolihou {Will+++ Str+6 Int+4 SInv}
 17621 | Gauntlet | Identified the +6 fustibalus "Qear" {flame, Fragile rPois
                  | rCorr Int+8}
 17621 | Gauntlet | Noticed a minotaur
 17627 | Gauntlet | Killed a minotaur
 18001 | D:11     | Noticed a two-headed ogre
 18004 | D:11     | Killed a two-headed ogre
 18087 | D:11     | Bought a potion of heal wounds for 75 gold pieces
 18087 | D:11     | Bought a potion of resistance for 150 gold pieces
 18087 | D:11     | Bought a potion of haste for 150 gold pieces
 18097 | D:11     | Reached skill level 1 in Invocations
 19921 | Lair:1   | Entered Level 1 of the Lair of Beasts
 20111 | Lair:1   | Reached skill level 15 in Conjurations
 20328 | Lair:1   | Reached ***** piety under Sif Muna
 21601 | Lair:2   | Reached skill level 1 in Fighting
 21603 | Lair:2   | Received a gift from Sif Muna
 21604 | Lair:2   | Got Sif Muna's Catalogue of Conjuration {god gift}
 21613 | Lair:1   | Learned a level 5 spell: Iskenderun's Battlesphere
 21619 | Lair:1   | Learned a level 5 spell: Freezing Cloud
 22132 | Lair:2   | Reached XP level 13. HP: 65/65 MP: 15/31
 22134 | Lair:2   | Reached skill level 1 in Ice Magic
 22249 | Lair:2   | Reached skill level 1 in Air Magic
 22293 | Lair:2   | Found a staircase to the Snake Pit.
 22764 | Lair:3   | Found a runed translucent door.
 22958 | Lair:3   | Found a frozen archway.
 23066 | IceCv    | Entered an ice cave
 23319 | IceCv    | Reached skill level 5 in Invocations
 23567 | IceCv    | Reached skill level 16 in Conjurations
 23627 | IceCv    | Learned a level 3 spell: Inner Flame
 24743 | IceCv    | Found the necklace of Bloodlust {*Rage Will++ Int-3 Slay+6}
 24750 | IceCv    | Got the Collected Works on the Frostbite
 24753 | IceCv    | Identified the +1 plate armour of Greater Demons {Int+2
                  | Dex+2}
 25440 | Lair:3   | Identified the amulet of Ylatuv {Faith SInv}
 25860 | Lair:4   | Reached skill level 1 in Fire Magic
 26167 | Lair:4   | Received a gift from Sif Muna
 26168 | Lair:4   | Got Sif Muna's Volume of Aerial Creation {god gift}
 26462 | Lair:4   | You fall into a shaft and drop 2 floors!
 26462 | Lair:6   | Entered Level 6 of the Lair of Beasts
 26588 | Lair:6   | Reached XP level 14. HP: 72/72 MP: 8/33
 26596 | Lair:5   | Noticed Kirke
 26803 | Lair:4   | Found a staircase to the Shoals.
 27501 | Lair:5   | Killed Kirke
 28390 | Lair:5   | Found a staircase to the Slime Pits.
 28524 | Lair:5   | Reached skill level 5 in Stealth
 30763 | Lair:6   | Found the +8 trident of the Octopus King {venom, rElec
                  | rPois}
 31679 | Lair:6   | Received a gift from Sif Muna
 31680 | Lair:6   | Reached skill level 10 in Invocations
 33690 | D:13     | Reached skill level 5 in Ice Magic
 34191 | D:13     | Found Hasadato's Overcharged Wands.
 34286 | D:13     | Reached XP level 15. HP: 78/78 MP: 17/35
 34662 | D:13     | Learned a level 7 spell: Ozocubu's Refrigeration
 34699 | D:13     | Found a gate to the Vaults.
 35232 | Orc:1    | Entered Level 1 of the Orcish Mines
 35276 | Orc:1    | Noticed an orc warlord
 35798 | Shoals:1 | Entered Level 1 of the Shoals
 37472 | D:7      | Bought a ring of wizardry for 360 gold pieces
 37843 | Shoals:1 | Received a gift from Sif Muna
 37956 | Shoals:1 | Got Sif Muna's Collected Works on Translocation and
                  | Feathers {god gift}
 37962 | Shoals:1 | Learned a level 4 spell: Passage of Golubria
 39871 | Shoals:3 | Reached skill level 10 in Ice Magic
 40084 | Shoals:3 | Found Fouvip's Distillery.
 40095 | Shoals:3 | Bought a potion of heal wounds for 105 gold pieces
 42128 | Shoals:3 | Found Seewol's Assorted Antiques.
 42755 | Snake:1  | Entered Level 1 of the Snake Pit
 42760 | Snake:1  | Reached XP level 16. HP: 81/84 MP: 28/36
 43650 | Snake:1  | Identified the +2 pair of gloves of Time Monsters {Dex+3}
 44068 | Snake:1  | Received a gift from Sif Muna
 44069 | Snake:1  | Got Sif Muna's Disquisition on Glacial Translocation {god
                  | gift}
 44073 | Snake:1  | Learned a level 2 spell: Blink
 45247 | Snake:2  | Reached skill level 15 in Spellcasting
 45249 | Snake:2  | Noticed Asterion
 45343 | Snake:2  | Gained mutation: Potions are less effective at restoring
                  | your health. [a cacodemon]
 45344 | Snake:2  | Killed Asterion
 46958 | Snake:2  | Reached skill level 5 in Air Magic
 47247 | Snake:3  | Reached skill level 5 in Fire Magic
 47503 | Snake:3  | Reached skill level 15 in Ice Magic
 47505 | Snake:3  | Noticed Vashnia
 48178 | Snake:3  | Learned a level 5 spell: Borgnjor's Vile Clutch
 48381 | Snake:3  | Reached skill level 1 in Necromancy
 48462 | Snake:3  | Reached skill level 1 in Earth Magic
 48836 | Snake:3  | Reached skill level 10 in Dodging
 49422 | Snake:3  | Shot with a bolt by Vashnia

Illustrated notes

Levels and vault maps discovered:
D:1:      dpeg_arrival_refuge, layout_basic
D:2:      layout_basic, basic_altar, shapermc_ecumenical_altar_pompeii,
          minmay_hexomino_p4
D:3:      layout_loops_ring, biasface_ghost_orc_armoury, nrook_uturn
D:4:      layout_basic, nicolae_yredelemnul_corpse_copse
D:5:      layout_loops_ring, hangedman_abyss_or_decor_stagger
D:6:      layout_basic, lemuel_temple_firewalk_b, serial_bayou,
          serial_bayou_lagoon_a, serial_bayou_crossing, serial_bayou_shore_a,
          serial_bayou_ford_a
D:7:      layout_loops_ring, nicolae_uskayaw_dance_hall, serial_shops, shop,
          nicolae_shop_waterfront, nicolae_lakefront_shop, shop, shop,
          nicolae_grassy_gnolls, uniq_menkaure, uniq_crazy_yiuf_cottage
D:8:      layout_loops_corners, old_standard_altar,
          nicolae_hepliaklqana_hippocampus
D:9:      wad_woods_pond, layout_cave_pools, jmf_multi_god_temple2,
          enter_bailey_4, chequers_serial_rivers_room_a, uniq_grum
D:10:     layout_basic, dpeg_lair_monsters
D:11:     layout_roguey, serial_shops, nicolae_shop_behind_doors, special_room
          [special_room_bee], gauntlet_entry_generic, kennysheep_diamond,
          billiards_dpeg
D:12:     layout_long_grid
D:13:     layout_cave_pools, grunt_vaults_entry_fortified,
          nicolae_shop_overcharged_wands
Temple:   nicolae_temple_x_marks_the_god
Lair:1:   layout_cellular_growth
Lair:2:   layout_misc_corridors, minmay_snake_entry_guardpost_small,
          st_stairs_13
Lair:3:   layout_chaotic_city, portal_ice_cave_demonic_guard, pf_torpor_hydra
Lair:4:   layout_cellular_growth, elwin_shoals_entry_stream
Lair:5:   layout_gridlike, minmay_slime_entry_jelly_boxes, uniq_kirke
Lair:6:   gammafunk_lair_ancient_temple, layout_cave_pods,
          nicolae_quartered_pool_little, minmay_shattered_shrine
Shoals:1: layout_shoals, ldierk_geyser
Shoals:2: layout_shoals
Shoals:3: layout_shoals, serial_shops, shop, shop_statue
Snake:1:  layout_chambers, grunt_ministairs_6, grunt_megastairs_3
Snake:2:  layout_misc_corridors, serial_bayou_shore_b, uniq_asterion
Snake:3:  layout_layer_cave, special_room, uniq_vashnia
Orc:1:    layout_caves

Skill      XL: |  1  2  3  4  5  6  7  8  9 10 11 12 13 14 15 16 |
---------------+-------------------------------------------------+-----
Conjurations   | 5 6 7 8 9 11 12 14 15 16 | 16.7
Spellcasting   | 4 5 6 8 9 11 12 13 14 15 | 15.4
Hexes          | 1 2 3 4 6 7 9 10 12 13 | 13.5
Translocations | 1 2 3 4 6 7 9 |  9.0
Evocations     | 2 3 |  3.0
Dodging        | 3 5 6 7 8 9 10 | 10.1
Invocations    | 4 9 10 | 10.8
Fighting       | 1 2 3 4 |  4.4
Ice Magic      | 2 5 12 15 | 15.0
Air Magic      | 2 4 5 |  5.4
Stealth        | 4 6 |  6.0
Fire Magic     | 1 4 5 |  5.3
Necromancy     | 2 |  2.7
Earth Magic    | 2 |  2.5

Action                   |  1- 3 |  4- 6 |  7- 9 | 10-12 | 13-15 | 16-18 || total
-------------------------+-------+-------+-------+-------+-------+-------++-------
Melee: Staff             |       |       |     1 |     8 |     4 |       ||    13
 Cast: Magic Dart        |    77 |    46 |   144 |   105 |   386 |    34 ||   792
       Searing Ray       |     1 |    12 |    21 |     5 |       |       ||    39
       Fulminant Prism   |       |       |    28 |    72 |    73 |     5 ||   178
       Iskenderun's Myst |       |       |    10 |   121 |   175 |    11 ||   317
       Iskenderun's Batt |       |       |       |       |    75 |    16 ||    91
       Freezing Cloud    |       |       |       |       |    31 |    68 ||    99
       Apportation       |       |       |       |       |     2 |       ||     2
       Inner Flame       |       |       |       |       |    45 |     1 ||    46
       Ozocubu's Refrige |       |       |       |       |    23 |    61 ||    84
       Passage of Golubr |       |       |       |       |     3 |       ||     3
       Borgnjor's Vile C |       |       |       |       |       |     5 ||     5
Invok: Channel Magic     |       |       |       |       |     3 |     2 ||     5
       Forget Spell      |       |       |       |       |       |     1 ||     1
Evoke: Wand              |       |       |       |     2 |       |       ||     2
  Use: Scroll            |       |     2 |    16 |     5 |     9 |       ||    32
       Potion            |       |       |     2 |     1 |       |     2 ||     5
Armor: Robe              |       |     4 |    20 |    41 |    37 |    14 ||   116
Dodge: Dodged            |     5 |    16 |    51 |    91 |   104 |    39 ||   306
